 Dungeon Crawl Stone Soup version 0.30-a0-269-gf0224bf7b6 (webtiles) character file.

Game seed: 17318550776933344567

21 night the Magician (level 3, -3/27 HPs)
             Began as a Djinni Fire Elementalist on Oct 14, 2022.
             Slain by a goblin
             ... wielding a +0 dagger
             ... led by Robin
              (6 damage)
             ... on level 2 of the Dungeon.
             The game lasted 00:01:41 (1014 turns).

night the Magician (Djinni Fire Elementalist)       Turns: 1014, Time: 00:01:41

Health: -3/27      AC:  2    Str:  7    XL:     3   Next: 5%
Gold:   41         EV: 12    Int: 18    God:
                   SH:  0    Dex: 13

rFire   + + .      SeeInvis .    (no weapon)
rCold   x . .      Faith    .    (no shield)
rNeg    . . .      Spirit   .    a - +0 robe
rPois   ∞          Reflect  .    (no helmet)
rElec   .          Harm     .    (no cloak)
rCorr   .          Rampage  .    (no gloves)
Will    .....                    (boots unavailable)
Stlth   ++........               (no amulet)
HPRegen 0.24/turn                (no ring)
MPRegen 0.00/turn                (no ring)

@: flying
A: sickness immunity, fire resistance 2, cold vulnerability 1, float, innate
caster, HP casting, extra vitality 1
a: no special abilities


You were on level 2 of the Dungeon.
You visited 1 branch of the dungeon, and saw 2 of its levels.

You collected 41 gold pieces.

Inventory:

Missiles
 g - 8 stones
Armour
 a - a +0 robe (worn)
Scrolls
 b - a scroll of fear {unknown}
 c - a scroll of identify {unknown}
 d - a scroll of magic mapping {unknown}
 e - a scroll of vulnerability {unknown}
 h - a scroll of enchant weapon {unknown}
 i - a scroll of teleportation {unknown}
Potions
 f - a potion of attraction {unknown}


   Skills:
 + Level 1.5 Fighting
 - Level 2.1 Dodging
 - Level 1.5 Stealth
 + Level 2.8 Spellcasting


You couldn't memorise any spells.
You knew the following spells:

 Your Spells              Type           Power      Damage    Failure   Level
a - Foxfire               Conj/Fire      48%        2x1d6     5%          1
b - Scorch                Fire           24%        2d6       8%          2
c - Kindle Blastsparks    Fire/Tloc/Air  24%        2d12      16%         3
d - Inner Flame           Hex/Fire       12%        N/A       16%         3
e - Flame Wave            Conj/Fire      12%        2d6       45%         4
f - Sandblast             Erth           24%        2d8       5%          1
Your spell library was empty.

Dungeon Overview and Level Annotations

Branches:
Dungeon (2/15)

Altars:

Annotations:
D:2 Robin


Innate Abilities, Weirdness & Mutations

You are immune to sickness and miasma.
You are immune to poison.
Your flesh is very heat resistant. (rF++)
You are vulnerable to cold. (rC-)
You float through the air rather than walking.
You learn spells naturally, not from books.
Your magical power is your life essence.
You have superior vitality. (+4 MHP)


Message History

There is a stone staircase leading up here.
There are monsters nearby!
Casting: Foxfire (safe; 5% risk of failure)
Confirm with . or Enter, or press ? or * to list all spells.
A cloud of volatile blastsparks flares up around you!
Robin throws the goblin at you!
A hobgoblin comes into view.
The goblin hits you with a +0 dagger.
A goblin comes into view. It is wielding a +0 club.
A hobgoblin comes into view.
The hobgoblin shouts!
You hit the goblin but do no damage.
You hear an angry hiss.
The goblin hits you but does no damage. The goblin barely misses you.
Casting: Kindle Blastsparks (quite dangerous; 16% risk of failure)
Confirm with . or Enter, or press ? or * to list all spells.
You conjure some foxfire!
Robin roars a battlecry!
The goblins go into a battle-frenzy!
The goblin hits you but does no damage.
A goblin comes into view. It is wielding a +0 dagger.
The goblin misses you.
Unknown command.
Casting: Foxfire (safe; 5% risk of failure)
Confirm with . or Enter, or press ? or * to list all spells.
You conjure some foxfire!
The foxfire hits the goblin.
The goblin is heavily wounded.
The foxfire hits the hobgoblin.
The hobgoblin is severely wounded.
Robin throws the goblin at you! The goblin hits you with a +0 dagger.
The goblin closely misses you. The goblin hits you with a +0 club.
The foxfire hits the goblin.
You kill the goblin!
The hobgoblin hits you!
* * * LOW HITPOINT WARNING * * *
Unknown command.
The foxfire hits the hobgoblin.
You kill the hobgoblin!
The goblin hits you with a +0 dagger.
You die...

#. .....# ..
..<.. ##. ..$.
# .. ... .#
#.#.. ..##
##.###...#.....
...ggg†.g......
...g.gg@)..g...
....g.g.g...>..
......gg.......
...............
...............
...............
...###.........
... .....(....


You could see Robin, 4 hobgoblins and 8 goblins.

Vanquished Creatures
  4 ball pythons (D:1)
  3 bats (D:1)
  An endoplasm (D:1)
  3 goblins
  A hobgoblin (D:2)
  2 jackals (D:1)
  2 kobolds (D:1)
  A quokka (D:1)
  A rat (D:1)
18 creatures vanquished.

Vanquished Creatures (others)
  34 foxfires
34 creatures vanquished.

Grand Total: 52 creatures vanquished

Notes
Turn   | Place    | Note
-------+----------+-------------------------------------------
     0 | D:1      | night the Djinni Fire Elementalist began the quest for the
                  | Orb.
     0 | D:1      | night set off with the following spells memorised: Foxfire,
                  | Scorch, Kindle Blastsparks, Inner Flame, Flame Wave.
     0 | D:1      | Reached XP level 1. HP: 15/15 MP: 0/0
   204 | D:1      | Reached skill level 1 in Fighting
   204 | D:1      | Reached XP level 2. HP: 19/22 MP: 0/0
   842 | D:1      | Reached XP level 3. HP: 18/27 MP: 0/0
   842 | D:1      | Learned a level 1 spell: Sandblast
  1009 | D:2      | Noticed Robin
  1013 | D:2      | HP: 3/27 [hobgoblin[Robin] (7)]
  1014 | D:2      | Slain by a goblin

Illustrated notes

Levels and vault maps discovered:
D:1:      heliophobic_arrival_battle_scene, layout_loops_corners
D:2:      layout_rooms, chequers_garden, uniq_robin

Skill      XL: |  1 |
---------------+----+-----
Fighting       | 1 |  1.5
Dodging        | |  2.1
Stealth        | |  1.5
Spellcasting   | |  2.8

Action                   || total
-------------------------++-------
Melee: Unarmed           ||     1
 Cast: Foxfire           ||    22
       Scorch            ||     2
       Kindle Blastspark ||     1
Armor: Robe              ||     4
Dodge: Dodged            ||     6

Table legend: (Time is in decaauts)
 A = Elapsed time spent in this place.
 B = Non-inter-level travel time spent in this place.
 C = Inter-level travel time spent in this place.
 D = Time resting spent in this place.
 E = Time spent auto-exploring this place.
 F = Levels seen in this place.
 G = Mean time per level.
                   A        B        C        D        E       F      G
               +--------+--------+--------+--------+--------+-----+--------+
         Total |   1013 |    970 |     43 |      0 |    882 |   2 |  506.5 |
       Dungeon |   1013 |    970 |     43 |      0 |    882 |   2 |  506.5 |
               +--------+--------+--------+--------+--------+-----+--------+

Top non-repeatable levels by time:
     D:1: 1009 daAuts
     D:2: 4 daAuts
